 Dungeon Crawl Stone Soup version 0.25-a0-353-ged6d54792d (webtiles) character file.

Game seed: 18161666269433238732, levelgen mode: deterministic

9298 BritishOli the Fighter (level 11, -5/99 HPs)
             Began as a Demonspawn Gladiator on Jan 2, 2020.
             Was a High Priest of Okawaru.
             Slain by an orc
             ... wielding a +0 hand axe
              (6 damage)
             ... on level 10 of the Dungeon.
             The game lasted 00:23:18 (12161 turns).

BritishOli the Fighter (Demonspawn Gladiator)      Turns: 12161, Time: 00:23:20

Health: -5/99      AC:  8    Str: 20    XL:     11   Next: 21%
Magic:  11/11      EV: 14    Int: 10    God:    Okawaru [*****.]
Gold:   156        SH:  0    Dex: 16    Spells: 10/10 levels left

rFire    + . .     SeeInvis .   T - +12 Vampire's Tooth {vamp}
rCold    + . .     Gourm    .   (no shield)
rNeg     . . .     Faith    .   H - +0 scale mail
rPois    +         Spirit   .   (no helmet)
rElec    .         Reflect  .   (no cloak)
rCorr    .         Harm     +   (no gloves)
MR       .....                  (boots unavailable)
Stlth    ..........             i - amulet of harm
HPRegen  0.26/turn              G - +2 ring of strength
MPRegen  0.12/turn              y - +5 ring of slaying

@: no status effects
A: hooves 3, slimy green scales 3, agile 1, cold resistance 1, deformed body,
demonic guardian 1, fire resistance 1, robust 1
a: Heroism, Finesse, Renounce Religion


You were on level 10 of the Dungeon.
You worshipped Okawaru.
Okawaru was extremely pleased with you.
You were not hungry.

You visited 2 branches of the dungeon, and saw 11 of its levels.

You collected 678 gold pieces.
You spent 522 gold pieces at shops.

Inventory:

Hand Weapons
 Q - a +2 long sword
 S - the +0 executioner's axe "Waah" {chop, rF+}
   (Okawaru gifted it to you on level 10 of the Dungeon)

   It inflicts extra damage upon your enemies.
   It protects you from fire.
 T - the +12 Vampire's Tooth (weapon) {vamp}
   (You found it on level 10 of the Dungeon)

   It inflicts no extra harm, but heals its wielder when it wounds a living foe.
Missiles
 d - 4 throwing nets
 F - 13 silver javelins (quivered)
 K - 2 javelins
Armour
 b - a +0 leather armour
 c - a +0 helmet
 H - a +0 scale mail (worn)
Jewellery
 i - an amulet of harm (around neck)
 s - an uncursed ring of positive energy
 v - an uncursed ring of resist corrosion
 y - a +5 ring of slaying (right hand)
 G - a +2 ring of strength (left hand)
 M - an uncursed amulet of guardian spirit {unknown}
Wands
 B - a wand of paralysis (11)
 I - a wand of clouds (7)
 N - a wand of iceblast (10)
 O - a wand of enslavement (7)
Scrolls
 g - 5 scrolls of teleportation
 k - 2 scrolls of amnesia {unknown}
 m - 6 scrolls of identify
 n - 2 scrolls of fog {unknown}
 o - 12 scrolls of remove curse
 t - 3 scrolls of immolation {unknown}
 u - 3 scrolls of magic mapping
 D - 3 scrolls of random uselessness {unknown}
 E - a scroll of fear {unknown}
 J - a scroll of enchant weapon {unknown}
 L - a scroll of blinking {unknown}
 R - a scroll of noise {unknown}
Potions
 e - 2 potions of brilliance
 h - 5 potions of haste
 j - a potion of magic
 l - 3 potions of degeneration
 p - a potion of resistance {unknown}
 q - a potion of lignification {unknown}
 r - 8 potions of curing
 w - 2 potions of berserk rage
 x - 2 potions of heal wounds
 z - a potion of invisibility {unknown}
 A - a potion of ambrosia {unknown}
 C - a potion of cancellation
 P - 2 potions of agility
Miscellaneous
 a - a crystal ball of energy
Comestibles
 f - 4 rations


   Skills:
 + Level 9.9 Fighting
 + Level 9.3 Long Blades
 - Level 5.6 Throwing
 + Level 5.8 Armour
 - Level 7.0 Dodging


You had 10 spell levels left.
You didn't know any spells.
Your spell library contained the following spells:

 Spells                   Type           Power        Failure   Level  Hunger
 Confusing Touch          Hex            #.....       69%         1    ##.....
 Confuse                  Hex            #.......     96%         3    ####...
 Gell's Gravitas          Tloc           #.........   96%         3    ####...
 Petrify                  Tmut/Erth      #.......     100%        4    #####..
 Metabolic Englaciation   Hex/Ice        #.........   100%        5    ######.
 Yara's Violent Unravell  Hex/Tmut       #.........   100%        5    ######.


Dungeon Overview and Level Annotations

Branches:
Dungeon (10/15)            Temple (1/1) D:6
   Lair: D:8-11         Orc: D:9-12

Altars:
Ashenzari
Cheibriados
Dithmenos
Elyvilon
Fedhas
Gozag
Hepliaklqana
Kikubaaqudgha
Makhleb
Nemelex Xobeh
Okawaru
Qazlal
Ru
Sif Muna
Trog
Uskayaw
Vehumet
Wu Jian
Xom
Yredelemnul
Zin
The Shining One

Shops:
D:5 =   D:6 ?   D:9 !   D:10 %

Annotations:
D:7 1 runed translucent door, Kratos's ghost, novice DDFi
D:10 Sonja


Innate Abilities, Weirdness & Mutations

You have hooves in place of feet.
You are completely covered in slimy green scales. (AC +4, rPois)
Your flesh is cold resistant. (rC+)
A weak demonic guardian rushes to your aid.
You are agile. (Dex +2)
Armour fits poorly on your strangely shaped body.
Your flesh is heat resistant. (rF+)
You are robust. (+10% HP)


Message History

Your quasit is no longer moving slowly.
Your quasit disappears in a puff of smoke!
The vampire hits you.
* * * LOW HITPOINT WARNING * * *
The vampire completely misses you.
You puncture the vampire!
The vampire is almost destroyed.
The vampire hits you.
* * * LOW HITPOINT WARNING * * *
The vampire bites you.
* * * LOW HITPOINT WARNING * * *
The vampire draws strength from your injuries!
The orc completely misses you.
You bump into the rock wall.
You feel less confused.
The vampire is infused with unholy energy.
* * * LOW HITPOINT WARNING * * *
The vampire draws life force from you and is healed!
The orc hits you with a +0 hand axe.
You die...

...#...............#...##....
...'........)<....#....###'##
.#..............#.....#....
#.....)........'.....#....
#...[..........#.....'....
#..............##...###...
##[####..###...##...######
###.####5.########.....#...
.)........@+...........#...
.........oV#...........#...
...)......W#...........#...
.........p.##....##.....#...
###...##....##....##.....#...
#...###'####...........#...
..........#...........##...
..........#.....##########'
.........W##'#### #p.


You could see a vault guard, a vampire, a wraith, an orc and a friendly white
imp.

Vanquished Creatures
  Josephine (D:10)
  2 two-headed ogres (D:9)
  2 tyrant leeches (D:10)
  2 hippogriffs (D:9)
  A vampire (D:10)
  Sigmund (D:4)
  4 wraiths (D:10)
  2 wyverns (D:9)
  3 vampire mosquitoes (D:10)
  A hungry ghost (D:10)
  A water moccasin (D:9)
  3 ice beasts
  2 black bears
  4 orc warriors
  4 phantoms
  9 ogres
  A sky beast (D:7)
  2 centaurs
  2 big kobolds (D:8)
  9 bullfrogs
  A wyvern skeleton (D:10)
  2 scorpions (D:9)
  6 killer bees (D:8)
  8 wights
  4 crimson imps
  4 jellies
  8 hounds
  An orc priest (D:7)
  4 orc wizards
  A bullfrog skeleton (D:6)
  4 iguanas
  2 worker ants
  A killer bee zombie (D:7)
  A hound skeleton (D:4)
  A worker ant zombie (D:7)
  12 gnolls
  9 adders
  4 shadow imps
  3 oozes
  An adder skeleton (D:5)
  3 worms
  2 dart slugs
  4 leopard geckos
  36 orcs
  6 bats
  3 giant cockroaches
  5 hobgoblins
  6 jackals
  5 quokkas
  5 ball pythons
  3 frilled lizards
  7 goblins
  18 kobolds
  3 rats
239 creatures vanquished.

Vanquished Creatures (collateral kills)
  An orc warrior (D:6)
  A sky beast (D:5)
  A bullfrog (D:5)
  A crimson imp (D:5)
  An orc priest (D:8)
  An orc wizard (D:9)
  A worker ant (D:7)
  7 orcs
14 creatures vanquished.

Grand Total: 253 creatures vanquished

Notes
Turn   | Place    | Note
-------+----------+-------------------------------------------
     0 | D:1      | BritishOli the Demonspawn Gladiator began the quest for the
                  | Orb.
     0 | D:1      | Reached XP level 1. HP: 16/16 MP: 1/1
   374 | D:1      | Gained mutation: You have large cloven feet. [demonic
                  | ancestry]
   374 | D:1      | Reached XP level 2. HP: 22/22 MP: 2/2
  1089 | D:2      | Reached XP level 3. HP: 21/28 MP: 3/3
  1499 | D:3      | Found an iron altar of Okawaru.
  1510 | D:3      | Became a worshipper of Warmaster Okawaru
  1690 | D:3      | HP: 1/28 [poisoned by an adder]
  1936 | D:3      | Gained mutation: You are partially covered in slimy green
                  | scales. (AC +2) [demonic ancestry]
  1936 | D:3      | Reached XP level 4. HP: 29/34 MP: 4/4
  2696 | D:4      | Gained mutation: You have hoof-like feet. [demonic
                  | ancestry]
  2696 | D:4      | Reached XP level 5. HP: 41/41 MP: 5/5
  2914 | D:4      | Gained mutation: You have hooves in place of feet. [demonic
                  | ancestry]
  2914 | D:4      | Reached XP level 6. HP: 10/47 MP: 6/6
  3630 | D:4      | Noticed Sigmund
  3649 | D:4      | Killed Sigmund
  3649 | D:4      | Reached * piety under Okawaru
  3649 | D:4      | Gained mutation: A weak demonic guardian rushes to your
                  | aid. [demonic ancestry]
  3649 | D:4      | Reached XP level 7. HP: 17/54 MP: 7/7
  4161 | D:5      | Entered Level 5 of the Dungeon
  4334 | D:5      | HP: 2/55 [something (6)]
  4344 | D:5      | Reached ** piety under Okawaru
  4900 | D:5      | Found Zulekhle's Jewellery Shoppe.
  5291 | D:6      | Found Tasi's Magic Scroll Emporium.
  5299 | D:6      | Bought 2 scrolls of remove curse for 66 gold pieces
  5299 | D:6      | Bought a scroll of magic mapping for 38 gold pieces
  5299 | D:6      | Bought a scroll of teleportation for 33 gold pieces
  5299 | D:6      | Bought a scroll of identify for 22 gold pieces
  5320 | D:6      | Reached skill level 5 in Long Blades
  5617 | D:6      | Reached XP level 8. HP: 61/61 MP: 8/8
  5633 | D:6      | Reached skill level 5 in Fighting
  5633 | D:6      | Reached skill level 5 in Dodging
  5828 | D:6      | Found a staircase to the Ecumenical Temple.
  6549 | Temple   | Entered the Ecumenical Temple
  7103 | D:6      | Reached skill level 5 in Throwing
  7220 | D:7      | Reached *** piety under Okawaru
  7391 | D:7      | Received a gift from Okawaru
  7506 | D:7      | Gained mutation: You are mostly covered in slimy green
                  | scales. (AC +3) [demonic ancestry]
  7506 | D:7      | Reached XP level 9. HP: 63/69 MP: 9/9
  7582 | D:7      | Found a runed translucent door.
  7591 | D:7      | Noticed Kratos's ghost (novice DDFi)
  8376 | D:8      | Found a shadowy altar of Dithmenos.
  8398 | D:8      | Reached **** piety under Okawaru
  8425 | D:8      | Received a gift from Okawaru
  8694 | D:8      | Found a burning altar of Makhleb.
  8694 | D:8      | Found a faded altar of an unknown god.
  8699 | D:8      | Found a stormy altar of Qazlal.
  8702 | D:8      | Found a faded altar of an unknown god.
  8704 | D:8      | Found a sacrificial altar of Ru.
  8866 | D:8      | Found an opulent altar of Gozag.
  9202 | D:8      | Reached skill level 1 in Armour
  9619 | D:9      | Gained mutation: You are completely covered in slimy green
                  | scales. (AC +4, rPois) [demonic ancestry]
  9619 | D:9      | Reached XP level 10. HP: 80/80 MP: 10/10
  9643 | D:9      | Noticed a two-headed ogre
  9900 | D:9      | Found Darch's Distillery.
  9904 | D:9      | Bought a potion of berserk rage for 55 gold pieces
  9904 | D:9      | Bought a potion of haste for 110 gold pieces
  9904 | D:9      | Bought a potion of curing for 33 gold pieces
  9904 | D:9      | Bought a potion of curing for 33 gold pieces
  9904 | D:9      | Bought a potion of agility for 44 gold pieces
  9904 | D:9      | Bought a potion of mutation for 88 gold pieces
  9904 | D:9      | Gained mutation: Scrolls take you a little longer to read.
                  | [potion of mutation]
  9904 | D:9      | Gained mutation: You are clumsy. (Dex -2) [potion of
                  | mutation]
  9904 | D:9      | Gained mutation: You have a pair of small horns on your
                  | head. [potion of mutation]
  9905 | D:9      | Lost mutation: You have a pair of small horns on your head.
                  | [potion of mutation]
  9905 | D:9      | Lost mutation: You are clumsy. (Dex -2) [potion of
                  | mutation]
  9905 | D:9      | Gained mutation: You are dopey. (Int -2) [potion of
                  | mutation]
  9905 | D:9      | Gained mutation: You are robust. (+10% HP) [potion of
                  | mutation]
  9905 | D:9      | Lost mutation: You are dopey. (Int -2) [potion of mutation]
  9906 | D:9      | Lost mutation: Scrolls take you a little longer to read.
                  | [potion of mutation]
  9906 | D:9      | Gained mutation: Armour fits poorly on your strangely
                  | shaped body. [potion of mutation]
  9906 | D:9      | Gained mutation: You are agile. (Dex +2) [potion of
                  | mutation]
  9906 | D:9      | Gained mutation: Your flesh is heat resistant. (rF+)
                  | [potion of mutation]
  9938 | D:9      | Received a gift from Okawaru
  9938 | D:9      | Reached ***** piety under Okawaru
  9984 | D:9      | Noticed a two-headed ogre
 10009 | D:10     | Entered Level 10 of the Dungeon
 10009 | D:10     | Noticed Josephine
 10033 | D:9      | Killed a two-headed ogre
 10331 | D:9      | Killed a two-headed ogre
 10549 | D:10     | Found Erougiul's Food Shop.
 10623 | D:10     | Received a gift from Okawaru
 10624 | D:10     | Got a fine executioner's axe {god gift}
 10625 | D:10     | Identified the +0 executioner's axe "Waah" {chop, rF+}
                  | (Okawaru gifted it to you on level 10 of the Dungeon)
 11355 | D:10     | Noticed a vault guard
 11802 | D:10     | Reached skill level 5 in Armour
 11854 | D:10     | Noticed Sonja
 12057 | D:10     | Found the +12 Vampire's Tooth {vamp}
 12110 | D:10     | Gained mutation: Your flesh is cold resistant. (rC+)
                  | [demonic ancestry]
 12110 | D:10     | Reached XP level 11. HP: 97/97 MP: 11/11
 12128 | D:10     | Killed Josephine
 12161 | D:10     | HP: 1/99 [vampire/vampiric draining (20)]
 12161 | D:10     | Slain by an orc

Levels and vault maps discovered:
D:1:      shiori_arrival_elements, layout_rooms, minmay_misc_feat_hallway,
          ebering_dispersal_statue_hall
D:2:      layout_loops_corners
D:3:      layout_basic, okawaru_metal_pillars_1_2
D:4:      layout_basic, uniq_sigmund
D:5:      layout_basic, serial_shops, shop, first_ration, abandoned_shop
D:6:      layout_basic, minmay_temple_entry_trees, serial_shops, shop_scrolls
D:7:      layout_basic, ebering_ghost_reflecting_pool
D:8:      layout_basic, nicolae_gozag_cash_rules_everything_around_me,
          chequers_temple_overflow_minitemple, nicolae_dithmenos_shadow_blocks,
          special_room [special_room_orc]
D:9:      layout_roguey, serial_shops, shop_fountains
D:10:     layout_gridville, enter_trove_5, serial_shops, shop,
          minmay_guarded_unrand_vampires_tooth, uniq_josephine, uniq_psyche,
          uniq_sonja
Temple:   kb_temple_of_zot

Skill      XL: |  1  2  3  4  5  6  7  8  9 10 |
---------------+-------------------------------+-----
Throwing       | 2 3 4 5 |  5.6
Long Blades    | 3 4 5 6 7 9 |  9.3
Dodging        | 3 4 6 7 |  7.0
Fighting       | 3 4 6 7 9 |  9.9
Armour         | 2 5 |  5.8

Action                   |  1- 3 |  4- 6 |  7- 9 | 10-12 || total
-------------------------+-------+-------+-------+-------++-------
Melee: Long sword        |    77 |   107 |   273 |    87 ||   544
       Kick              |    16 |    36 |    92 |    46 ||   190
       Quick blade       |       |       |       |    39 ||    39
Throw: Throwing net      |       |       |     1 |       ||     1
       Javelin           |       |       |     1 |    14 ||    15
Invok: Heroism           |       |       |     1 |       ||     1
  Use: Potion            |     2 |       |       |     3 ||     5
       Scroll            |       |       |     4 |       ||     4
 Stab: Distracted        |       |       |     3 |     3 ||     6
  Eat: Ration            |     1 |     1 |     5 |     3 ||    10
       Chunk             |       |     2 |     2 |     2 ||     6
Armor: Leather armour    |    16 |    36 |    48 |       ||   100
       Scale mail        |       |       |    49 |    25 ||    74
Dodge: Dodged            |    57 |    92 |   172 |    79 ||   400
       Rpst.: Long sword |    21 |    30 |    44 |    14 ||   109

Table legend:
 A = Non-vault XP
 B = Vault XP
 C = Vault XP percentage of total XP
 D = Non-vault monster count
 E = Vault monster count
 F = Vault count percentage of total count
                 A         B        C        D         E       F
            +---------+---------+-------+---------+---------+-------
      Total |    9328 |    3956 |  29.8 |     217 |      36 |  14.2
            +---------+---------+-------+---------+---------+-------
        D:1 |      31 |       0 |   0.0 |      16 |       0 |   0.0
        D:2 |      34 |       0 |   0.0 |       9 |       0 |   0.0
        D:3 |      85 |       0 |   0.0 |      19 |       0 |   0.0
        D:4 |     437 |     212 |  32.7 |      24 |       1 |   4.0
        D:5 |     578 |       0 |   0.0 |      15 |       0 |   0.0
        D:6 |     691 |       0 |   0.0 |      35 |       0 |   0.0
        D:7 |    1156 |       0 |   0.0 |      23 |       0 |   0.0
        D:8 |    1482 |     553 |  27.2 |      33 |      24 |  42.1
        D:9 |    4009 |       0 |   0.0 |      28 |       0 |   0.0
       D:10 |     825 |    3191 |  79.5 |      15 |      11 |  42.3
            +---------+---------+-------+---------+---------+-------
